 Dungeon Crawl Stone Soup version 0.29.1-13-g9f3cf754e1 (webtiles) character file.

Game seed: 16491610516000148435

90 Peloso the Trooper (level 4, -4/41 HPs)
             Began as a Minotaur Fighter on Jan 21, 2023.
             Frozen to death by an endoplasm (5 damage)
             ... on level 3 of the Dungeon.
             The game lasted 00:04:13 (2545 turns).

Peloso the Trooper (Minotaur Fighter)               Turns: 2545, Time: 00:04:14

Health: -4/41      AC:  8    Str: 24    XL:     4   Next: 32%
Magic:  3/3        EV:  9    Int:  5    God:
Gold:   106        SH:  6    Dex: 19    Spells: 3/3 levels left

rFire   . . .      SeeInvis .   a - +0 long sword (protect)
rCold   . . .      Faith    .   d - +1 buckler
rNeg    . . .      Spirit   .   m - +1 scale mail "Miuwimug" {Str+4 Dex+7}
rPois   .          Reflect  .   (helmet restricted)
rElec   .          Harm     .   (no cloak)
rCorr   .          Rampage  .   (no gloves)
Will    +....                   (no boots)
Stlth   ..........              (no amulet)
HPRegen 0.13/turn               e - ring of willpower
MPRegen 0.08/turn               (no ring)

@: no status effects
A: horns 2, retaliatory headbutt
a: no special abilities


You were on level 3 of the Dungeon.
You visited 1 branch of the dungeon, and saw 3 of its levels.

You collected 106 gold pieces.

Inventory:

Hand Weapons
 a - a +0 long sword of protection (weapon)
Armour
 b - a +0 scale mail
 c - a +0 plate armour
 d - a +1 buckler (worn)
 m - the +1 scale mail "Miuwimug" (worn) {Str+4 Dex+7}
   (You found it on level 3 of the Dungeon)

   Str:       It affects your strength (+4).
   Dex:       It affects your dexterity (+7).
Jewellery
 e - a ring of willpower (left hand)
Scrolls
 g - 6 scrolls of identify {unknown}
 j - 2 scrolls of enchant armour
Potions
 f - 2 potions of might
 i - a potion of curing
 k - a potion of flight {unknown}


   Skills:
 + Level 4.7 Fighting
 + Level 3.7 Long Blades
 + Level 4.3 Armour
 + Level 0.1 Stealth
 + Level 3.9 Shields


You had 3 spell levels left.
You didn't know any spells.
Your spell library was empty.

Dungeon Overview and Level Annotations

Branches:
Dungeon (3/15)

Altars:
Ru

Portals:
Sewer: D:3

Annotations:
D:2 1 runed translucent door, Crazy Yiuf


Innate Abilities, Weirdness & Mutations

You have a pair of horns on your head.
You reflexively headbutt those who attack you in melee.


Message History

You kill the quokka!
The endoplasm attacks as you move away!
The endoplasm hits you but does no damage.
The quokka barely misses you.
The quokka splashes around in the water.
You see here a river rat corpse.
The endoplasm attacks as you move away!
The endoplasm splashes around in the water.
The endoplasm attacks as you move away!
The endoplasm hits you but does no damage.
The quokka bites you. You block the quokka's attack.
The endoplasm attacks as you move away!
The endoplasm hits you but does no damage.
The quokka bites you but does no damage.
The quokka attacks as you move away! The quokka barely misses you.
You open the large door. The endoplasm freezes you.
You are frozen.
* * * LOW HITPOINT WARNING * * *
The quokka closely misses you.
Found a glowing drain.
The endoplasm attacks as you move away! The endoplasm hits you.
* * * LOW HITPOINT WARNING * * *
The quokka attacks as you move away! You block the quokka's attack.
There is a large open door here.
You enter the shallow water.
Moving in this stuff is going to be slow.
The quokka barely misses you. The endoplasm freezes you.
You are frozen.
* * * LOW HITPOINT WARNING * * *
The quokka barely misses you. The endoplasm freezes you.
You are frozen.
* * * LOW HITPOINT WARNING * * *
There is a glowing drain here.
The quokka barely misses you. The endoplasm freezes you.
You are frozen.
You die...

#.# #. #.# ..
#######.#### ..#
#..........#########
#.##.................
#.........J.#.## ####
#..###.####....# ##
#~###~~##'..#
#@J~~~~~~#..#
#~r~~~~††#..#
#~###~~##+..# ###
#### ..# .## ##


You could see an endoplasm and a quokka.

Vanquished Creatures
  A river rat (D:3)
  2 adders
  2 worms
  A dart slug (D:3)
  3 orcs (D:3)
  3 endoplasms
  3 giant cockroaches (D:1)
  7 goblins
  A hobgoblin (D:1)
  2 jackals (D:3)
  3 kobolds
  5 quokkas
  6 ball pythons
  2 bats
  3 frilled lizards
  7 rats
51 creatures vanquished.

Notes
Turn   | Place    | Note
-------+----------+-------------------------------------------
     0 | D:1      | Peloso the Minotaur Fighter began the quest for the Orb.
     0 | D:1      | Reached XP level 1. HP: 19/19 MP: 0/0
   307 | D:1      | Reached XP level 2. HP: 27/27 MP: 1/1
   893 | D:1      | Found a faded altar of an unknown god.
  1131 | D:2      | Reached XP level 3. HP: 11/33 MP: 2/2
  1361 | D:2      | Found a runed translucent door.
  1362 | D:2      | Noticed Crazy Yiuf
  2283 | D:3      | Identified the +1 scale mail "Miuwimug" {Str+4 Dex+7}
  2304 | D:3      | Found a sacrificial altar of Ru.
  2373 | D:3      | Reached XP level 4. HP: 37/41 MP: 3/3
  2541 | D:3      | Found a glowing drain.
  2544 | D:3      | HP: 1/41 [frozen (5)]
  2545 | D:3      | Frozen to death by an endoplasm

Illustrated notes

Levels and vault maps discovered:
D:1:      matt_arrival_diagonals, layout_basic,
          shapermc_ecumenical_altar_pompeii
D:2:      layout_loops_ring, uniq_crazy_yiuf_cottage
D:3:      kennysheep_goblin_castle, layout_rooms,
          nicolae_ru_sacrificial_ziggurat, gup_sewer_entry_bowl

Skill      XL: |  1  2  3 |
---------------+----------+-----
Fighting       | 4 |  4.7
Armour         | 4 |  4.3
Long Blades    | 3 |  3.7
Stealth        | |  0.1
Shields        | |  3.9

Action                   |  1- 3 |  4- 6 || total
-------------------------+-------+-------++-------
Melee: Long sword        |   107 |    18 ||   125
       Headbutt          |    14 |     3 ||    17
  Use: Potion            |     3 |       ||     3
       Scroll            |     2 |     1 ||     3
Armor: Scale mail        |    10 |    12 ||    22
       Plate armour      |    52 |       ||    52
Dodge: Dodged            |    35 |    12 ||    47
Block: Buckler           |    21 |    13 ||    34
